 Dungeon Crawl Stone Soup version 0.31-a0-848-gaac375c287 (webtiles) character file.

Game seed: 14810811464604445584

494 Joey1 the Ruffian (level 7, 0/43 HPs)
             Began as an Octopode Shapeshifter on Oct 4, 2023.
             Succumbed to an adder's poison
             ... on level 4 of the Dungeon.
             The game lasted 00:07:54 (3194 turns).

Joey1 the Ruffian (Octopode Shapeshifter)           Turns: 3194, Time: 00:07:55

Health: 0/43       AC:  1    Str: 15    XL:     7   Next: 15%
Magic:  7/7        EV: 13    Int: 13    God:
Gold:   155        SH:  0    Dex: 11    Spells: 6/6 levels left

rFire   . .          .
                       - Unarmed
rCold   . . .        (no shield)
rNeg    . . .        (helmet currently unavailable)
rPois   .            (no amulet)
rElec   .            (no ring)
rCorr   .            (no ring)
SInv    .            (no ring)
Will    .....        (no ring)
Stlth   ++           (no ring)
HPRegen 0.27/turn    (no ring)
MPRegen 0.10/turn    (no ring)
                     (no ring)

%: no passive effects
@: brilliant, lethally poisoned (0 -> -4), beast-form
A: beast (slay +2), almost no armour, amphibious, 8 rings, camouflage 1,
gelatinous body 1, (nimble swimmer 1), tentacles, teleportitis 1, subdued magic
1, inability to drink after injury 1
a: Begin Untransformation


You were on level 4 of the Dungeon.
You were a hulking beast.
You visited 1 branch of the dungeon, and saw 5 of its levels.
You also visited: Sewer.

You collected 155 gold pieces.

Inventory:

Jewellery
 h - a ring of flight
Talismans
 b - a beast talisman (active)
 c - a flux talisman
Wands
 a - a wand of iceblast (13)
Scrolls
 d - 2 scrolls of vulnerability {unknown}
 e - 3 scrolls of identify {unknown}
 f - 3 scrolls of teleportation {unknown}
 g - a scroll of revelation {unknown}
 i - a scroll of immolation {unknown}
 k - a scroll of silence {unknown}
 l - a scroll of fog {unknown}
 m - 2 scrolls of poison {unknown}
 o - 2 scrolls of summoning {unknown}
 p - a scroll of blinking {unknown}
Potions
 n - a potion of magic {unknown}


   Skills:
 - Level 1.0 Fighting
 - Level 2.0 Dodging
 + Level 7.4 Unarmed Combat
 - Level 3.9 Shapeshifting


You had 6 spell levels left.
You didn't know any spells.
Your spell library contained the following spells:

 Spells                   Type           Power      Damage    Failure   Level
 Kiss of Death            Conj/Necr      0%         2d5       26%         1
 Confusing Touch          Hex            0%         N/A       63%         3
 Dispel Undead            Necr           0%         3d6       96%         4


Dungeon Overview and Level Annotations

Branches:
Dungeon (5/15)              Sewer (visited)
 Temple: D:4-7

Altars:


Innate Abilities, Weirdness & Mutations

You are a hulking beast.
Your limbs bulge with bestial killing power. (Slay +2)
You cannot wear most types of armour.
You are amphibious.
You can wear up to eight rings at the same time.
Your skin changes colour to match your surroundings (Stealth+).
Your rubbery body absorbs attacks. (AC +1, EV +1)
((You are camouflaged when in or above water. (Stealth+)))
You have tentacles for arms and can constrict up to eight enemies at once.
You are occasionally teleported next to monsters.
Your spells are a little easier to cast, but a little less powerful.
You occasionally lose the ability to drink potions when taking damage.


Message History

The orc wizard casts a spell at you. You resist with some effort.
A goblin comes into view. It is wielding a +0 club.
The orc wizard gestures wildly while chanting.
The orc wizard flickers and vanishes!
Deactivating autopickup; reactivate with Ctrl-A.
An orc comes into view. It is wielding a +0 hand axe.
The orc shouts!
You tentacle-slap the orc wizard. You grab the orc wizard.
The orc wizard is heavily wounded.
You constrict the orc wizard.
The orc wizard hits you with a +0 dagger.
You tentacle-slap the orc wizard. You squeeze the orc wizard.
You kill the orc wizard!
The adder barely misses you. The adder bites you.
The orc hits you with a +0 mace!
You closely miss the adder. You grab the adder.
You constrict the adder, but do no damage.
The adder bites you.
You are poisoned.
The adder poisons you!
You tentacle-slap the adder.
The adder is moderately wounded.
You constrict the adder, but do no damage.
You feel sick. The orc barely misses you. The adder bites you.
You are more poisoned.
The adder poisons you!
You tentacle-slap the adder. You squeeze the adder.
You kill the adder!
You feel sick. The orc hits you with a +0 mace.
The orc priest calls down the wrath of Beogh upon you.
Beogh smites you!
* * * LOW HITPOINT WARNING * * *
You hear some strange, mumbled words.
A magic dart appears from out of thin air!
The magic dart hits you!
* * * LOW HITPOINT WARNING * * *
It was a potion of brilliance.
You feel clever all of a sudden.
You die...

..... # ....
#.#.##....?$..... ...
..#..............
..###.#..............# #
......#.............# ..
...#................#...
..###...................
...##...............#
...>............h{..#
..............##†og.....
.......###...###o..o....
......###............<##
...#...##...............
...###....#.............
.... ##......###.......#
.... #.......##......##
... #....#.## ...


You could see an orc priest, 2 orcs and a goblin.

Vanquished Creatures
  Pargi (Sewer)
  A phantom (D:4)
  A scorpion (D:5)
  A howler monkey (D:4)
  An orc wizard (D:4)
  Robin (D:2)
  7 adders
  A river rat (D:5)
  2 worms (D:2)
  3 dart slugs
  10 orcs
  11 endoplasms
  5 giant cockroaches
  10 hobgoblins
  8 jackals
  A quokka (D:1)
  8 ball pythons
  7 bats
  A frilled lizard (D:1)
  16 goblins
  4 kobolds
  4 rats
104 creatures vanquished.

Notes
Turn   | Place    | Note
-------+----------+-------------------------------------------
     0 | D:1      | Joey1 the Octopode Shapeshifter began the quest for the
                  | Orb.
     0 | D:1      | Reached XP level 1. HP: 13/13 MP: 1/1
   219 | D:1      | Reached XP level 2. HP: 6/18 MP: 2/2
   302 | D:1      | Found a faded altar of an unknown god.
   419 | D:1      | Reached XP level 3. HP: 19/23 MP: 3/3
  1430 | D:2      | Reached skill level 4 in Unarmed Combat
  1481 | D:2      | Reached XP level 4. HP: 28/28 MP: 4/4
  1493 | D:2      | Noticed Robin
  1531 | D:2      | Killed Robin
  1896 | D:2      | Reached XP level 5. HP: 33/33 MP: 5/5
  2326 | D:2      | Reached skill level 5 in Unarmed Combat
  2569 | D:3      | You fall into a shaft and drop 2 floors!
  2569 | D:5      | Entered Level 5 of the Dungeon
  2603 | D:5      | Identified the +7 chain mail "Nesezegu" {Will+ Str+2}
  2648 | D:5      | Gained mutation: You have hidden genetic defects. [potion
                  | of mutation]
  2648 | D:5      | Gained mutation: Your spells are a little easier to cast,
                  | but a little less powerful. [potion of mutation]
  2729 | D:5      | Found a glowing drain.
  2754 | Sewer    | Entered a sewer
  2763 | Sewer    | Noticed Pargi
  2771 | Sewer    | Killed Pargi
  2772 | Sewer    | Reached skill level 6 in Unarmed Combat
  2772 | Sewer    | Reached XP level 6. HP: 19/38 MP: 6/6
  2774 | Sewer    | Gained mutation: You are occasionally teleported next to
                  | monsters. [hidden defects]
  3130 | D:4      | Gained mutation: You occasionally lose the ability to drink
                  | potions when taking damage. [hidden defects]
  3130 | D:4      | Lost mutation: You have hidden genetic defects. [hidden
                  | defects expressed]
  3146 | D:4      | Reached skill level 7 in Unarmed Combat
  3146 | D:4      | Reached XP level 7. HP: 35/43 MP: 7/7
  3193 | D:4      | HP: 1/43 [something/magic dart (7)]
  3194 | D:4      | Succumbed to an adder's poison

Illustrated notes

Levels and vault maps discovered:
D:1:      dpeg_arrival_circle_labyrinth_c, layout_loops_ring,
          nicolae_ecumenical_snake_handling
D:2:      layout_loops_ring, serial_aquarium, aquarium_bridge_square
          [aquarium_subvault_balcony, aquarium_subvault_bridge,
          aquarium_subvault_window, aquarium_subvault_bridge],
          aquarium_bridge_straight [aquarium_subvault_bridge,
          aquarium_subvault_wall, aquarium_subvault_bridge,
          aquarium_subvault_wall], aquarium_window_corridor_1,
          aquarium_window_corner, aquarium_window_1, aquarium_window_2,
          aquarium_view_2b, aquarium_balcony_5a, uniq_robin
D:3:      layout_basic
D:4:      layout_cave_pools, nicolae_overflow_crystal_walls,
          nicolae_uskayaw_dance_hall, nicolae_overflow_squiral,
          okawaru_metal_pillars_1_2
D:5:      layout_basic, minmay_temple_entry_slanted,
          cheibrodos_sewer_entry_sluice

Skill      XL: |  1  2  3  4  5  6 |
---------------+-------------------+-----
Unarmed Combat | 4 6 7 |  7.4
Fighting       | |  1.0
Dodging        | |  2.0
Shapeshifting  | |  3.9

Action                     |  1- 3 |  4- 6 |  7- 9 || total
---------------------------+-------+-------+-------++-------
  Melee: Unarmed           |    72 |   127 |     5 ||   204
         Constrict         |    15 |    29 |     2 ||    46
         Tentacles         |    14 |    23 |     2 ||    39
         Punch             |     1 |     9 |       ||    10
  Evoke: Wand              |       |     1 |       ||     1
    Use: Potion            |       |     3 |     1 ||     4
   Stab: Sleeping          |     7 |     5 |       ||    12
         Distracted        |       |     1 |       ||     1
 Armour: Skin              |    23 |    73 |     8 ||   104
  Dodge: Dodged            |    35 |    81 |     2 ||   118

Table legend: (Time is in decaauts)
 A = Elapsed time spent in this place.
 B = Non-inter-level travel time spent in this place.
 C = Inter-level travel time spent in this place.
 D = Time resting spent in this place.
 E = Time spent auto-exploring this place.
 F = Levels seen in this place.
 G = Mean time per level.
                   A        B        C        D        E       F      G
               +--------+--------+--------+--------+--------+-----+--------+
         Total |   3174 |   2960 |    214 |    167 |   2078 |   6 |  529.0 |
       Dungeon |   2975 |   2761 |    214 |    167 |   1916 |   5 |  595.0 |
         Sewer |    198 |    198 |      0 |      0 |    162 |   1 |  198.0 |
               +--------+--------+--------+--------+--------+-----+--------+

Top non-repeatable levels by time:
     D:1: 1214 daAuts
     D:2: 1162 daAuts
     D:5: 283 daAuts
   Sewer: 198 daAuts
     D:3: 180 daAuts
     D:4: 134 daAuts
